Map: Ulrena

Players

lesha - Winner!

  • Race: Terran Terran

A.I. 1 (Harder)

  • Race: Terran Terran

VOD

Have the link to the VOD?

Description

Time

  • Played on: Dec. 3, 2015, 9:21 a.m.
  • Length: 18:02
Show
View Real Time Build Order
Export as new Build Order

lesha Terran - Winner!

Build Orders: Mech 

Get SALT Encoding   

  12  0:02  SCV  
  13  0:15  SCV  
  13  0:18  Supply Depot  
  14  0:27  SCV  
  15  0:40  SCV  
  16  0:43  Barracks  
  16  0:52  SCV  
  18  1:04  SCV  
  18  1:16  SCV  
  19  1:29  Command Center  
  19  1:30  Orbital Command  
  19  1:38  Marine  
  20  1:49  Refinery  
  20  1:50  Refinery  
  20  1:58  SCV  
  20  2:11  Marine  
  21  2:20  SCV  
  22  2:32  SCV  
  23  2:42  Barracks Reactor  
  23  2:44  SCV  
  23  2:46  SCV  
  25  2:56  SCV  
  26  2:59  Factory  
  26  3:11  Engineering Bay  
  26  3:12  SCV  
  28  3:14  Orbital Command  
  27  3:25  SCV  
  28  3:32  Bunker  
  28  3:35  Marine x2  
  28  3:37  SCV  
  31  3:45  SCV, Barracks  
  32  3:49  SCV  
  33  3:56  Supply Depot  
  33  3:57  SCV  
  33  3:59  Supply Depot, Starport  
  34  4:03  SCV  
  34  4:09  SCV  
  36  4:11  Marine x2  
  38  4:18  SCV, Factory Reactor  
  39  4:25  Refinery  
  39  4:40  Factory  
  39  4:42  Factory  
  39  4:45  Starport Reactor  
  39  4:46  Barracks Tech Lab  
  39  4:49  Refinery  
  40  5:00  SCV x2  
  41  5:11  Marine x2  
  41  5:12  SCV x2, Marine  
  46  5:14  Widow Mine x2  
  46  5:19  Terran Infantry Weapons Level 1  
  50  5:24  SCV x2  
  50  5:27  Factory Tech Lab x2, Armory  
  52  5:29  Marine  
  53  5:48  Supply Depot  
  53  5:49  Supply Depot  
  53  5:52  Liberator  
  53  6:01  Marine  
  54  6:09  Siege Tank, Marine x2  
  54  6:10  Widow Mine x2  
  66  6:11  Supply Depot  
  66  6:26  SCV x2  
  66  6:30  Command Center  
  68  6:35  Supply Depot  
  68  6:36  Supply Depot  
  68  6:38  SCV x2  
  70  6:40  Marine x3  
  70  6:43  Supply Depot, Medivac  
  75  6:52  Medivac  
  77  6:58  Marine x2  
  79  7:27  SCV  
  80  7:34  Marine x2  
  80  7:35  Marine  
  80  7:37  Widow Mine x2  
  83  7:39  SCV  
  83  7:40  Siege Tank x2  
  83  7:41  Medivac x2  
  98  8:11  Medivac x2  
  102  8:16  SCV x2  
  102  8:17  Command Center  
  105  8:28  SCV, Orbital Command  
  105  8:31  Command Center  
  105  8:33  Refinery  
  105  8:56  Refinery  
  105  8:58  Engineering Bay  
  105  9:03  Barracks  
  105  9:05  Barracks x2  
  105  9:07  Barracks  
  105  9:09  Barracks  
  105  9:13  Marine x3  
  105  9:17  Thor  
  114  9:28  Thor  
  114  9:30  Supply Depot, Marine  
  114  9:31  Supply Depot, Marine  
  120  9:33  Supply Depot  
  120  9:34  Supply Depot  
  110  9:55  Supply Depot  
  110  10:04  Marine x3  
  113  10:08  Barracks Reactor x2  
  113  10:11  Stimpack  
  113  10:15  Terran Infantry Weapons Level 2  
  113  10:16  Terran Infantry Armor Level 1  
  113  10:19  Terran Vehicle Weapons Level 1  
  113  10:22  Barracks Reactor  
  113  10:23  Barracks Reactor x2  
  113  10:33  Orbital Command  
  113  10:34  Orbital Command  
  113  10:41  Marine x3  
  116  10:45  Thor  
  116  10:46  Thor  
  116  10:47  Medivac x2  
  132  10:58  Starport  
  132  10:59  Starport, Marine x2  
  134  11:19  Marine x3  
  134  11:20  Marine x7  
  134  11:21  Marine x3  
  147  11:37  Marine x4  
  147  11:38  Marine x7  
  147  11:39  Marine x2  
  160  11:42  Starport Reactor  
  160  11:50  Thor x2  
  172  11:54  Medivac x2  
  172  11:55  Marine x5  
  172  11:56  Marine x3  
  184  12:07  Supply Depot  
  184  12:09  Supply Depot  
  184  12:11  Combat Shields  
  184  12:13  Terran Vehicle And Ship Armor Level 1  
  184  12:14  SCV x2  
  184  12:15  SCV  
  187  12:29  SCV x5  
  192  12:41  SCV x2  
  194  13:10  Terran Infantry Weapons Level 3, Terran Infantry Armor Level 2  
  194  13:14  Starport Reactor  
  194  13:15  Marine x4  
  194  13:16  Marine x2  
  138  14:05  Marine x4  
  138  14:06  Marine x7  
  138  14:07  Terran Ship Weapons Level 1, Marine x2  
  145  14:11  Siege Tank  
  145  14:12  Siege Tank  
  149  14:23  Marine x3, Medivac x4  
  156  14:44  Marine x2  
  156  14:45  Marine x6  
  161  14:46  Marine x5  
  161  14:49  Siege Tank x2  
  175  14:53  Medivac x3  
  179  15:02  Marine x3  
  179  15:03  Marine x3  
  182  15:21  Siege Tank  
  185  15:43  Marine x6  
  185  15:44  Marine x6  
  185  15:45  Marine  
  185  15:46  Medivac  
Show
View Real Time Build Order
Export as new Build Order

A.I. 1 (Harder) Terran 

Build Orders: MMM Bio 

Get SALT Encoding   

  12  0:00  SCV  
  13  0:13  SCV  
  14  0:20  Supply Depot  
  14  0:25  SCV  
  15  0:41  SCV  
  16  0:44  Barracks  
  16  0:54  SCV  
  17  1:06  SCV  
  18  1:17  Command Center  
  18  1:32  Marine, Orbital Command  
  19  1:37  Supply Depot  
  19  1:44  Refinery  
  19  1:50  Marine  
  20  1:58  SCV  
  20  2:01  Barracks  
  21  2:08  Marine  
  21  2:09  Refinery  
  21  2:10  SCV  
  23  2:23  SCV  
  23  2:26  Supply Depot  
  23  2:27  Barracks Tech Lab  
  24  2:36  SCV  
  25  2:45  Marine  
  25  2:47  Marine  
  25  2:51  SCV  
  28  2:59  Refinery  
  28  3:03  Marine  
  29  3:08  SCV  
  29  3:10  Marine  
  29  3:12  Factory  
  31  3:22  SCV, Marauder  
  31  3:25  SCV  
  35  3:30  Barracks Tech Lab  
  35  3:34  SCV  
  35  3:37  SCV  
  37  3:46  SCV  
  37  3:47  Factory  
  38  3:49  SCV  
  39  3:57  Factory Tech Lab  
  39  4:01  Starport  
  39  4:11  Starport  
  39  4:16  Siege Tank  
  42  4:22  Refinery  
  42  4:28  Marauder  
  44  4:31  Factory Tech Lab  
  44  4:37  Starport Tech Lab  
  44  4:39  SCV, Reaper  
  44  4:40  Supply Depot  
  46  4:46  SCV  
  46  4:47  Starport Tech Lab  
  46  4:51  SCV, Hellion  
  50  4:56  Stimpack  
  50  4:58  SCV  
  51  5:02  Siege Tank  
  51  5:03  SCV  
  51  5:07  Combat Shields  
  55  5:10  SCV  
  55  5:13  Supply Depot  
  56  5:15  SCV  
  57  5:22  SCV  
  57  5:25  Engineering Bay  
  57  5:28  SCV  
  59  5:34  SCV  
  60  5:37  Marine  
  60  5:40  SCV  
  62  5:46  SCV  
  62  5:49  Supply Depot, Marauder  
  65  5:52  Terran Infantry Armor Level 1, SCV  
  66  5:58  SCV  
  66  6:01  Marauder  
  69  6:11  SCV  
  70  6:12  Reaper  
  70  6:13  Supply Depot  
  70  6:14  SCV  
  72  6:23  SCV, Viking  
  75  6:25  Concussive Shells  
  75  6:35  SCV x2, Hellion  
  75  6:37  Supply Depot  
  79  6:47  SCV, Hellion  
  81  6:48  SCV  
  83  6:54  Missile Turret  
  83  6:57  Missile Turret  
  83  6:58  Siege Tank  
  83  6:59  SCV, Raven  
  83  7:00  Missile Turret  
  89  7:01  Supply Depot  
  89  7:08  Missile Turret  
  89  7:09  Siege Tank  
  89  7:15  Sensor Tower  
  92  7:17  Armory  
  92  7:20  Bunker  
  92  7:23  SCV  
  92  7:25  Raven  
  92  7:26  Barracks  
  92  7:29  Supply Depot  
  95  7:30  Siege Tank  
  95  7:31  Bunker  
  98  7:46  Terran Infantry Weapons Level 1  
  98  7:53  Supply Depot  
  98  8:15  Barracks Reactor  
  98  9:16  Banshee  
  101  9:17  Medivac  
  101  9:19  Supply Depot  
  101  9:22  Marine  
  101  9:23  Command Center, Factory  
  104  9:27  Marine  
  104  9:29  Starport  
  104  9:34  Engineering Bay  
  104  9:38  Marine  
  101  9:43  Marauder  
  101  9:44  Supply Depot  
  91  9:47  Medivac  
  86  9:56  Marauder  
  86  9:59  Raven  
  90  10:05  Medivac, Marauder  
  94  10:07  Factory Tech Lab  
  94  10:17  Banshee, Marauder  
  99  10:26  Cyclone  
  102  10:36  SCV  
  102  10:37  SCV x2  
  102  10:42  Viking x2  
  109  10:43  Refinery, Terran Infantry Weapons Level 2  
  109  10:46  Missile Turret  
  109  10:48  SCV  
  109  10:49  Command Center, Missile Turret  
  110  10:51  Refinery  
  110  10:59  Terran Infantry Armor Level 2  
  110  11:00  Banshee  
  113  11:07  SCV x2  
  113  11:08  Cloaking Field  
  113  11:10  Bunker  
  115  11:12  Raven  
  115  11:13  SCV, Starport Reactor  
  115  11:17  Terran Vehicle Weapons Level 1  
  118  11:35  Ghost Academy  
  118  11:43  Viking  
  120  11:47  Fusion Core  
  120  11:55  Banshee  
  120  11:57  Armory  
  123  12:11  Refinery  
  123  12:12  Raven, Missile Turret  
  123  12:14  Missile Turret  
  123  12:15  Refinery  
  125  12:36  Bunker  
  125  13:11  Terran Vehicle And Ship Armor Level 1  
  117  13:27  SCV  
  117  13:31  SCV x3, Hellion, Viking  
  117  13:32  Viking  
  117  13:33  Hellion  
  99  13:38  Marine  
  99  13:39  SCV, Marauder, Marine x2  
  92  13:43  SCV x3  
  78  13:52  SCV  
  78  13:53  Hellion  
  78  13:54  Hellion  
  78  13:55  SCV x2  
  70  13:56  SCV, Marine x2  
  70  13:57  Marine  
  70  14:00  Marine  
  70  14:01  Viking  
  70  14:02  Raven  
  72  14:04  SCV  
  72  14:07  SCV  
  72  14:08  SCV  
  71  14:13  Marine  
  71  14:14  Siege Tank, Marine  
  71  14:15  Siege Tank, Marine  
  71  14:16  SCV  
  79  14:18  Marine  
  79  14:20  SCV x2  
  74  14:28  SCV  
  65  14:31  Viking, Marine  
  65  14:32  SCV, Marine x2  
  65  14:35  Marine  
  67  14:45  Raven  
  54  14:46  SCV, Hellion  
  54  14:48  Cyclone  
  54  14:49  Marine  
  54  14:50  Marine  
  54  14:51  Marauder  
  59  14:54  Marauder  
  59  14:59  SCV  
  50  15:00  SCV  
  50  15:01  Viking  
  50  15:07  Command Center  
  41  15:08  Hellion  
  41  15:09  Factory  
  41  15:11  Starport  
  41  15:12  SCV x2, Marine  
  40  15:15  Marine  
  40  15:20  Hellion  
  35  15:24  SCV x2  
  35  15:28  Raven  
  34  15:29  Hellion  
  34  15:32  Marine  
  34  15:35  Marine  
  39  15:36  SCV  
  35  15:47  Viking  
  34  15:53  SCV, Marauder  
  35  16:01  Hellion  
  33  16:08  SCV  
  33  16:11  Viking  
  36  16:17  Viking  
  34  16:20  SCV  
  34  16:22  Hellion  
  36  16:28  SCV  
  36  16:30  Barracks  
  36  16:41  Viking  
  36  16:43  Hellion  
  36  16:46  SCV  
Tags
 
Composition
MMM BioMech
Matchup
TvT
Race
Terran
Add a new tag
Caveats
  • Supply blocks, unpowered buildings, or Contaminate may cause inaccurate times.
  • Supply counts are checked every 10 seconds.